Blackhawks vs Predators
Created - 18 décembre 2014 at 19:33
Goals
|
| Blackhawks |
1 |
0 |
1 |
0 |
0 |
2 |
| Predators |
1 |
1 |
0 |
0 |
1 |
3 |
|
Shots
|
| Blackhawks |
17 |
12 |
9 |
0 |
3 |
38 |
| Predators |
8 |
6 |
14 |
0 |
2 |
28 |
|
1st period
1. Blackhawks , Kris Versteeg 15 (Jamie Langenbrunner, John Carlson) at 2:35
2. Predators , Oleg Saprykin 8 (Alexander Edler) at 13:12
Penalties :
Kris Vernarsky (Nas) for Tripping (Minor) at 2:56
2nd period
3. Predators , Alexander Ovechkin 22 (Alexander Edler, Joe Thornton) at 16:06 (PP)
Penalties :
Kari Lehtonen (Nas) for Slashing (Minor) at 1:07 - Kent Huskins served the penalty, Brad Boyes (Nas) for Hooking (Minor) at 4:24, Johnny Oduya (Chi) for Hooking (Minor) at 14:51
3rd period
4. Blackhawks , Kris Versteeg 16 (John Carlson, Chris Higgins) at 18:11 (PP)
Penalties :
Jeff Schultz (Chi) for Roughing (Minor) at 1:20, Michael Grabner (Nas) for Hooking (Minor) at 14:07, Michael Grabner (Nas) for Hooking (Minor) at 16:42
Overtime #1
No Goal
Penalties :
No Penalty
Shootout
Penalty Shot by Henrik Zetterberg for Blackhawks - Stopped by Kari Lehtonen
Penalty Shot by Alexander Ovechkin for Predators - Stopped by Roberto Luongo
Penalty Shot by Robert Nilsson for Blackhawks - Stopped by Kari Lehtonen
Penalty Shot by Joe Thornton for Predators - Goal!
Penalty Shot by Kris Versteeg for Blackhawks - Stopped by Kari Lehtonen
Penalties :
No Penalty
Goalie Stats
Roberto Luongo (Chi), 26 saves from 28 shots - (0,929), OTL, 17-13-3, 65:00 minutes
Kari Lehtonen (Nas), 36 saves from 38 shots - (0,947), W, 14-10-2, 65:00 minutes
Players Stats for Blackhawks
Player Name G A P +/- PIM S H SB GA TA FO MP PP MP PK MP
------------------------------------------------------------------------------------
Chris Campoli 0 0 0 0 0 0 3 0 0 1 0/0 21:02 3:52 0:33
Chris Higgins 0 1 1 0 0 3 0 0 2 0 0/1 17:42 5:00 0:00
Daniel Carcillo 0 0 0 0 0 3 0 1 0 0 0/0 7:52 0:00 0:00
Dominic Moore 0 0 0 0 0 1 2 0 0 0 3/9 14:33 0:00 2:40
George Parros 0 0 0 0 0 0 0 0 0 0 0/0 10:32 0:00 0:00
Henrik Zetterberg 0 0 0 -1 0 6 6 1 1 1 1/2 22:12 4:25 0:00
Jamie Langenbrunner 0 1 1 1 0 2 2 1 0 0 0/0 20:41 5:00 2:40
Jeff Schultz 0 0 0 0 2 1 0 0 1 1 0/0 18:11 0:00 0:00
John Carlson 0 2 2 1 0 1 1 3 2 0 0/0 20:17 5:33 0:33
Johnny Oduya 0 0 0 -1 2 3 1 0 0 0 0/0 25:19 5:33 0:00
Kris Versteeg 2 0 2 1 0 6 1 1 1 0 0/0 18:06 4:25 0:00
Oleg Kvasha 0 0 0 0 0 0 1 0 0 0 4/7 7:59 0:00 0:00
Robert Nilsson 0 0 0 -1 0 4 1 0 3 0 8/28 22:21 4:25 0:00
Scott Gomez 0 0 0 1 0 5 2 0 1 0 8/12 19:35 5:00 0:34
Sheldon Keefe 0 0 0 0 0 1 2 0 0 0 0/0 8:23 0:00 0:34
Steve Bernier 0 0 0 -1 0 0 1 0 0 0 0/1 16:43 0:00 0:00
Steve McCarthy 0 0 0 -1 0 1 3 2 1 1 0/0 26:55 3:52 2:41
Wes O'Neill 0 0 0 1 0 1 0 2 1 2 0/0 18:20 0:00 2:41
Players Stats for Predators
Player Name G A P +/- PIM S H SB GA TA FO MP PP MP PK MP
------------------------------------------------------------------------------------
Alexander Edler 0 2 2 0 0 0 1 1 0 1 0/0 23:41 1:48 4:41
Alexander Ovechkin 1 0 1 -1 0 4 1 1 2 0 6/13 26:11 2:21 4:22
Alexander Steen 0 0 0 0 0 3 1 0 3 0 1/1 17:32 0:53 0:04
Barret Jackman 0 0 0 0 0 0 0 0 0 1 0/0 6:29 0:00 0:00
Brad Boyes 0 0 0 -1 2 1 1 0 0 1 1/2 21:34 2:21 0:00
Danny Richmond 0 0 0 0 0 2 2 1 0 0 0/0 24:47 1:26 4:44
David Van Der Gulik 0 0 0 0 0 0 0 0 0 0 0/0 4:46 0:00 0:00
Georges Laraque 0 0 0 1 0 0 3 0 0 0 0/1 14:23 0:00 4:15
Joe Thornton 0 1 1 -1 0 6 0 1 0 0 16/23 26:21 2:21 4:58
Josef Vasicek 0 0 0 1 0 0 0 0 0 1 7/9 15:05 0:53 0:00
Kent Huskins 0 0 0 0 0 0 0 0 0 2 0/0 11:25 0:00 0:00
Kris Vernarsky 0 0 0 0 2 5 2 2 0 2 5/10 16:24 0:00 0:00
Michael Grabner 0 0 0 0 4 2 0 0 0 1 0/1 17:20 0:53 0:13
Oleg Saprykin 1 0 1 1 0 3 1 1 0 2 0/0 20:45 0:00 4:58
Oliver Ekman-Larsson 0 0 0 0 0 0 0 0 0 0 0/0 10:03 0:00 0:00
Paul Mara 0 0 0 0 0 0 0 0 0 0 0/0 5:17 0:00 0:00
Robyn Regehr 0 0 0 0 0 1 2 0 0 2 0/0 24:47 1:26 4:44
Ryan Mcdonagh 0 0 0 0 0 1 2 1 1 0 0/0 23:41 1:48 4:41
3 Stars
1 - Kris Versteeg (Chi)
2 - John Carlson (Chi)
3 - Oleg Saprykin (Nas)
Power Play
Blackhawks - 1 on 5 Attempt(s) - 20,00%
Predators - 1 on 3 Attempt(s) - 33,33%
Penalty Kill
Blackhawks - 2 on 3 Attempt(s) - 66,67%
- Score 0 goal in Penalty Kill
Predators - 4 on 5 Attempt(s) - 80,00%
- Score 0 goal in Penalty Kill
Official
Referees : Leggo Mike and Charron Francis
Linesman : Brad Kovachik and Brian Murphy
Game Notes
19:05 of 1st period - Penalty Shot by Scott Gomez for Blackhawks - Shot Misses the Net
Finance
Level 1 -- Attendance: 6000 (100,00%) -- Ticket Income 522 000 $
Level 2 -- Attendance: 3943 (78,86%) -- Ticket Income 232 637 $
Level 3 -- Attendance: 1646 (82,30%) -- Ticket Income 54 318 $
Level 4 -- Attendance: 2963 (74,08%) -- Ticket Income 65 186 $
Luxury Box -- Attendance: 825 (82,50%) -- Ticket Income 155 100 $
Game was played at the Wildcat center
Total Attendance: 15377 (85,43%)
Total Ticket Income: 1 029 241 $
Other Income: 154 386 $
Total Income: 1 183 627 $
Blackhawks
5 vs 5 Forward
Center Left Wing Right Wing Time % Phy DF OF
1 Robert Nilsson Henrik Zetterberg Steve Bernier 40 1 2 2
2 Scott Gomez Kris Versteeg Jamie Langenbrunner 30 1 2 2
3 Dominic Moore Chris Higgins George Parros 20 1 2 2
4 Oleg Kvasha Daniel Carcillo Sheldon Keefe 10 1 2 2
5 vs 5 Defense
Defense Defense Time % Phy DF OF
1 Johnny Oduya Steve McCarthy 40 1 2 2
2 Jeff Schultz Chris Campoli 30 1 2 2
3 Wes O'Neill John Carlson 20 1 2 2
4 Johnny Oduya Steve McCarthy 10 1 2 2
PowerPlay Forward
Center Left Wing Right Wing Time % Phy DF OF
1 Robert Nilsson Henrik Zetterberg Kris Versteeg 60 1 0 4
2 Scott Gomez Chris Higgins Jamie Langenbrunner 40 1 0 4
PowerPlay Defense
Defense Defense Time % Phy DF OF
1 Johnny Oduya John Carlson 60 1 1 3
2 Steve McCarthy Chris Campoli 40 1 1 3
Penalty Kill 4 Players Forward
Center Wing Time % Phy DF OF
1 Dominic Moore Jamie Langenbrunner 60 1 3 1
2 Scott Gomez Sheldon Keefe 40 1 3 1
Penalty Kill 4 Players Defense
Defense Defense Time % Phy DF OF
1 Wes O'Neill Steve McCarthy 60 1 3 1
2 Jeff Schultz Chris Campoli 40 1 3 1
Penalty Kill - 3 Players Forward
Forward Time % Phy DF OF
1 Henrik Zetterberg 60 1 4 0
2 Robert Nilsson 40 1 4 0
Penalty Kill - 3 Players Defense
Defense Defense Time % Phy DF OF
1 Johnny Oduya Steve McCarthy 60 1 4 0
2 Jeff Schultz Chris Campoli 40 1 4 0
4 vs 4 Forward
Center Wing Time % Phy DF OF
1 Robert Nilsson Henrik Zetterberg 60 1 2 2
2 Scott Gomez Kris Versteeg 40 1 2 2
4 vs 4 Defense
Defense Defense Time % Phy DF OF
1 Jeff Schultz Steve McCarthy 60 1 2 2
2 Wes O'Neill Chris Campoli 40 1 2 2
Last Minutes Offensive
Center Left Wing Right Wing Defense Defense
Robert Nilsson Henrik Zetterberg Kris Versteeg Johnny Oduya Steve McCarthy
Last Minutes Defensive
Center Left Wing Right Wing Defense Defense
Robert Nilsson Henrik Zetterberg Jamie Langenbrunner Johnny Oduya Steve McCarthy
Goaltenders
Starting : Roberto Luongo
Backup : Jocelyn Thibault
Extra Forwards
Normal : Chris Higgins, Dominic Moore, Steve Bernier - PP : Chris Higgins, Steve Bernier - PK : Daniel Carcillo
Extra Defensemen
Normal : Wes O'Neill, John Carlson, Jeff Schultz - PP : Wes O'Neill - PK : John Carlson, Jeff Schultz
Penalty Shots
Henrik Zetterberg, Robert Nilsson, Kris Versteeg, Scott Gomez, Jamie Langenbrunner
Predators
5 vs 5 Forward
Center Left Wing Right Wing Time % Phy DF OF
1 Joe Thornton Alexander Ovechkin Brad Boyes 40 1 2 2
2 Kris Vernarsky Alexander Steen Michael Grabner 30 1 2 2
3 Josef Vasicek Oleg Saprykin Georges Laraque 20 1 2 2
4 Josef Vasicek Oleg Saprykin David Van Der Gulik 10 1 2 2
5 vs 5 Defense
Defense Defense Time % Phy DF OF
1 Ryan Mcdonagh Alexander Edler 35 1 2 2
2 Danny Richmond Robyn Regehr 35 1 2 2
3 Oliver Ekman-Larsson Kent Huskins 20 1 2 2
4 Barret Jackman Paul Mara 10 1 2 2
PowerPlay Forward
Center Left Wing Right Wing Time % Phy DF OF
1 Joe Thornton Alexander Ovechkin Brad Boyes 60 1 2 2
2 Josef Vasicek Alexander Steen Michael Grabner 40 1 2 2
PowerPlay Defense
Defense Defense Time % Phy DF OF
1 Ryan Mcdonagh Alexander Edler 50 1 2 2
2 Danny Richmond Robyn Regehr 50 1 2 2
Penalty Kill 4 Players Forward
Center Wing Time % Phy DF OF
1 Alexander Ovechkin Georges Laraque 50 1 2 2
2 Joe Thornton Oleg Saprykin 50 1 2 2
Penalty Kill 4 Players Defense
Defense Defense Time % Phy DF OF
1 Ryan Mcdonagh Alexander Edler 50 1 2 2
2 Danny Richmond Robyn Regehr 50 1 2 2
Penalty Kill - 3 Players Forward
Forward Time % Phy DF OF
1 Alexander Ovechkin 50 1 2 2
2 Joe Thornton 50 1 2 2
Penalty Kill - 3 Players Defense
Defense Defense Time % Phy DF OF
1 Ryan Mcdonagh Alexander Edler 50 1 2 2
2 Danny Richmond Robyn Regehr 50 1 2 2
4 vs 4 Forward
Center Wing Time % Phy DF OF
1 Alexander Ovechkin Brad Boyes 50 1 2 2
2 Joe Thornton Alexander Steen 50 1 2 2
4 vs 4 Defense
Defense Defense Time % Phy DF OF
1 Ryan Mcdonagh Alexander Edler 50 1 2 2
2 Danny Richmond Robyn Regehr 50 1 2 2
Last Minutes Offensive
Center Left Wing Right Wing Defense Defense
Joe Thornton Alexander Ovechkin Brad Boyes Danny Richmond Alexander Edler
Last Minutes Defensive
Center Left Wing Right Wing Defense Defense
Joe Thornton Alexander Ovechkin Georges Laraque Ryan Mcdonagh Alexander Edler
Goaltenders
Starting : Kari Lehtonen
Backup : Steve Mason
Extra Forwards
Normal : Kris Vernarsky, Oleg Saprykin, Michael Grabner - PP : Kris Vernarsky, Oleg Saprykin - PK : Michael Grabner
Extra Defensemen
Normal : Barret Jackman, Kent Huskins, Paul Mara - PP : Barret Jackman - PK : Kent Huskins, Paul Mara
Penalty Shots
Alexander Ovechkin, Joe Thornton, Michael Grabner, Alexander Steen, Brad Boyes
% Time on Ice - Blackhawks
Lines # - Real PCT - Wanted PCT - Time Play
Normal Forward
1 - 35% - 40% - 16:25
2 - 27% - 30% - 12:44
3 - 22% - 20% - 10:23
4 - 17% - 10% - 7:49
Normal Defense
1 - 37% - 40% - 17:39
2 - 34% - 30% - 15:57
3 - 26% - 20% - 12:05
4 - 4% - 10% - 1:40
PP Forward
1 - 47% - 60% - 4:25
2 - 53% - 40% - 5:00
PP Defense
1 - 59% - 60% - 5:33
2 - 41% - 40% - 3:52
PK Forward
1 - 82% - 60% - 2:40
2 - 18% - 40% - 0:34
PK Defense
1 - 83% - 60% - 2:41
2 - 17% - 40% - 0:33
PK3 Forward
1 - 0% - 60%
2 - 0% - 40%
PK3 Defense
1 - 0% - 60%
2 - 0% - 40%
44 Forward
1 - 74% - 60% - 3:43
2 - 26% - 40% - 1:17
44 Defense
1 - 62% - 60% - 3:07
2 - 38% - 40% - 1:53
Last Minute Offensive - 0:00
Last Minute Defensive - 0:00
Total
Forward - 65:00
Defense - 65:00
|
% Time on Ice - Predators
Lines # - Real PCT - Wanted PCT - Time Play
Normal Forward
1 - 38% - 40% - 17:59
2 - 32% - 30% - 15:10
3 - 20% - 20% - 9:26
4 - 10% - 10% - 4:46
Normal Defense
1 - 32% - 35% - 15:14
2 - 35% - 35% - 16:47
3 - 21% - 20% - 10:03
4 - 11% - 10% - 5:17
PP Forward
1 - 73% - 60% - 2:21
2 - 27% - 40% - 0:53
PP Defense
1 - 56% - 50% - 1:48
2 - 44% - 50% - 1:26
PK Forward
1 - 47% - 50% - 4:27
2 - 53% - 50% - 4:58
PK Defense
1 - 50% - 50% - 4:41
2 - 50% - 50% - 4:44
PK3 Forward
1 - 0% - 50%
2 - 0% - 50%
PK3 Defense
1 - 0% - 50%
2 - 0% - 50%
44 Forward
1 - 49% - 50% - 2:27
2 - 51% - 50% - 2:33
44 Defense
1 - 63% - 50% - 3:10
2 - 37% - 50% - 1:50
Last Minute Offensive - 0:00
Last Minute Defensive - 0:00
Total
Forward - 65:00
Defense - 65:00
|
Play by Play
1st period
0:01 of 1st period - Joe Thornton wins face-off versus Robert Nilsson in neutral zone.
0:53 of 1st period - Snap shot by Chris Higgins.
0:53 of 1st period - Shot Misses the Net.
0:55 of 1st period - Backhand shot by Steve McCarthy.
0:55 of 1st period - Stopped by Kari Lehtonen with a rebound.
1:07 of 1st period - Snap shot by Alexander Ovechkin.
1:07 of 1st period - Stopped by Roberto Luongo without a rebound.
1:08 of 1st period - Joe Thornton wins face-off versus Oleg Kvasha in Blackhawks zone.
1:15 of 1st period - Wrist shot by Joe Thornton.
1:15 of 1st period - Stopped by Roberto Luongo with a rebound.
1:17 of 1st period - Snap shot by Oliver Ekman-Larsson.
1:17 of 1st period - Shot Misses the Net.
1:19 of 1st period - Snap shot by Brad Boyes.
1:19 of 1st period - Shot Blocked by Daniel Carcillo.
1:29 of 1st period - Snap shot by Joe Thornton.
1:29 of 1st period - Stopped by Roberto Luongo without a rebound.
1:30 of 1st period - Josef Vasicek wins face-off versus Robert Nilsson in Blackhawks zone.
1:52 of 1st period - Barret Jackman is hit by Henrik Zetterberg and loses puck.
2:09 of 1st period - Wrist shot by Kris Vernarsky.
2:09 of 1st period - Shot Blocked by Wes O'Neill.
2:35 of 1st period - Snap shot by Kris Versteeg.
2:35 of 1st period - Goal by Kris Versteeg - Blackhawks : 1 - Predators : 0.
2:36 of 1st period - Josef Vasicek wins face-off versus Robert Nilsson in neutral zone.
2:49 of 1st period - Slapshot by Oleg Saprykin.
2:49 of 1st period - Stopped by Roberto Luongo with a rebound.
2:56 of 1st period - Minor Penalty to Kris Vernarsky for Tripping.
2:57 of 1st period - Alexander Ovechkin wins face-off versus Robert Nilsson in Predators zone.
4:56 of 1st period - Penalty to Kris Vernarsky is over, Kris Vernarsky is back on ice.
5:04 of 1st period - Wrist shot by Oleg Kvasha.
5:04 of 1st period - Shot Misses the Net.
5:06 of 1st period - Wrist shot by Oleg Kvasha.
5:06 of 1st period - Deflect By Sheldon Keefe.
5:06 of 1st period - Stopped by Kari Lehtonen without a rebound.
5:07 of 1st period - Kris Vernarsky wins face-off versus Oleg Kvasha in Predators zone.
5:30 of 1st period - Sheldon Keefe is hit by Alexander Ovechkin and loses puck.
5:44 of 1st period - Joe Thornton is hit by Sheldon Keefe and loses puck.
6:27 of 1st period - Wrist shot by Chris Higgins.
6:27 of 1st period - Shot Misses the Net.
6:33 of 1st period - Wrist shot by Chris Higgins.
6:33 of 1st period - Stopped by Kari Lehtonen without a rebound.
6:34 of 1st period - Scott Gomez wins face-off versus Alexander Ovechkin in Predators zone.
6:47 of 1st period - Slapshot by Kris Versteeg.
6:47 of 1st period - Stopped by Kari Lehtonen with a rebound.
7:01 of 1st period - Snap shot by Chris Higgins.
7:01 of 1st period - Shot Blocked by Danny Richmond.
7:03 of 1st period - Slapshot by Johnny Oduya.
7:03 of 1st period - Deflect By Chris Higgins.
7:03 of 1st period - Stopped by Kari Lehtonen with a rebound.
7:26 of 1st period - Danny Richmond is hit by Robert Nilsson and loses puck.
7:47 of 1st period - Wrist shot by Michael Grabner.
7:47 of 1st period - Stopped by Roberto Luongo without a rebound.
7:48 of 1st period - Kris Vernarsky wins face-off versus Scott Gomez in Blackhawks zone.
8:06 of 1st period - Snap shot by Alexander Steen.
8:06 of 1st period - Stopped by Roberto Luongo with a rebound.
8:08 of 1st period - Slapshot by Alexander Edler.
8:08 of 1st period - Shot Blocked by Jamie Langenbrunner.
8:24 of 1st period - Robert Nilsson is hit by Georges Laraque and loses puck.
10:27 of 1st period - Snap shot by Henrik Zetterberg.
10:27 of 1st period - Stopped by Kari Lehtonen with a rebound.
10:29 of 1st period - Slapshot by Wes O'Neill.
10:29 of 1st period - Stopped by Kari Lehtonen with a rebound.
10:35 of 1st period - Slapshot by Robert Nilsson.
10:35 of 1st period - Stopped by Kari Lehtonen without a rebound.
10:36 of 1st period - Scott Gomez wins face-off versus Kris Vernarsky in Predators zone.
10:39 of 1st period - Wrist shot by Kris Versteeg.
10:39 of 1st period - Stopped by Kari Lehtonen with a rebound.
10:41 of 1st period - Snap shot by Steve McCarthy.
10:41 of 1st period - Deflect By Kris Versteeg.
10:41 of 1st period - Stopped by Kari Lehtonen with a rebound.
10:43 of 1st period - Slapshot by Johnny Oduya.
10:43 of 1st period - Shot Blocked by Kris Vernarsky.
10:45 of 1st period - Wrist shot by Scott Gomez.
10:45 of 1st period - Deflect By Kris Vernarsky.
10:45 of 1st period - Stopped by Kari Lehtonen with a rebound.
10:47 of 1st period - Slapshot by Johnny Oduya.
10:47 of 1st period - Shot Blocked by Kris Vernarsky.
10:49 of 1st period - Snap shot by Scott Gomez.
10:49 of 1st period - Stopped by Kari Lehtonen without a rebound.
10:50 of 1st period - Joe Thornton wins face-off versus Robert Nilsson in Predators zone.
11:15 of 1st period - Kris Versteeg is hit by Georges Laraque.
12:14 of 1st period - Snap shot by Robert Nilsson.
12:14 of 1st period - Shot Misses the Net.
12:37 of 1st period - Wrist shot by Jamie Langenbrunner.
12:37 of 1st period - Stopped by Kari Lehtonen with a rebound.
12:39 of 1st period - Snap shot by Scott Gomez.
12:39 of 1st period - Shot Misses the Net.
13:12 of 1st period - Snap shot by Oleg Saprykin.
13:12 of 1st period - Goal by Oleg Saprykin - Blackhawks : 1 - Predators : 1.
13:13 of 1st period - Alexander Ovechkin wins face-off versus Henrik Zetterberg in neutral zone.
13:25 of 1st period - Snap shot by Robert Nilsson.
13:25 of 1st period - Stopped by Kari Lehtonen with a rebound.
13:27 of 1st period - Slapshot by John Carlson.
13:27 of 1st period - Shot Blocked by Alexander Ovechkin.
13:29 of 1st period - Snap shot by Henrik Zetterberg.
13:29 of 1st period - Stopped by Kari Lehtonen with a rebound.
13:41 of 1st period - Icing by Scott Gomez.
13:42 of 1st period - Alexander Steen wins face-off versus Scott Gomez in Blackhawks zone.
13:51 of 1st period - Snap shot by Kris Vernarsky.
13:51 of 1st period - Stopped by Roberto Luongo without a rebound.
13:52 of 1st period - Robert Nilsson wins face-off versus Alexander Ovechkin in Blackhawks zone.
14:19 of 1st period - Georges Laraque is hit by Jamie Langenbrunner and loses puck.
14:30 of 1st period - Slapshot by Robyn Regehr.
14:30 of 1st period - Shot Blocked by Kris Versteeg.
15:31 of 1st period - Snap shot by Scott Gomez.
15:31 of 1st period - Stopped by Kari Lehtonen without a rebound.
15:32 of 1st period - Joe Thornton wins face-off versus Robert Nilsson in Predators zone.
15:32 of 1st period - Joe Thornton is hit by Henrik Zetterberg.
16:20 of 1st period - Off-side.
16:21 of 1st period - Alexander Ovechkin wins face-off versus Oleg Kvasha in neutral zone.
16:26 of 1st period - Snap shot by Alexander Ovechkin.
16:26 of 1st period - Shot Misses the Net.
17:49 of 1st period - Icing by Brad Boyes.
17:50 of 1st period - Joe Thornton wins face-off versus Robert Nilsson in Predators zone.
18:47 of 1st period - Alexander Ovechkin is hit by Scott Gomez and loses puck.
19:05 of 1st period - Penalty Shot by Scott Gomez for Blackhawks.
19:05 of 1st period - Snap shot by Scott Gomez.
19:05 of 1st period - Shot Misses the Net.
19:06 of 1st period - Robert Nilsson wins face-off versus Kris Vernarsky in Blackhawks zone.
19:33 of 1st period - Dominic Moore is hit by Robyn Regehr and loses puck.
Goals for this period are 1 for Blackhawks vs 1 for Predators.
Shots for this period are 17 for Blackhawks vs 8 for Predators.
2nd period
0:01 of 2nd period - Joe Thornton wins face-off versus Robert Nilsson in neutral zone.
0:37 of 2nd period - Icing by Steve McCarthy.
0:38 of 2nd period - Joe Thornton wins face-off versus Dominic Moore in Blackhawks zone.
0:49 of 2nd period - Wrist shot by Chris Higgins.
0:49 of 2nd period - Stopped by Kari Lehtonen with a rebound.
1:07 of 2nd period - Slapshot by Johnny Oduya.
1:07 of 2nd period - Stopped by Kari Lehtonen without a rebound.
1:07 of 2nd period - Minor Penalty to Kari Lehtonen for Slashing.
1:08 of 2nd period - Joe Thornton wins face-off versus Robert Nilsson in Predators zone.
1:39 of 2nd period - Oleg Saprykin is hit by Steve McCarthy and loses puck.
3:07 of 2nd period - Penalty to Kent Huskins is over, Kent Huskins is back on ice.
3:29 of 2nd period - Slapshot by Johnny Oduya.
3:29 of 2nd period - Stopped by Kari Lehtonen without a rebound.
3:30 of 2nd period - Oleg Kvasha wins face-off versus Kris Vernarsky in Predators zone.
3:31 of 2nd period - Snap shot by Daniel Carcillo.
3:31 of 2nd period - Shot Misses the Net.
3:59 of 2nd period - Dominic Moore is hit by Oleg Saprykin and loses puck.
4:24 of 2nd period - Minor Penalty to Brad Boyes for Hooking.
4:25 of 2nd period - Robert Nilsson wins face-off versus Joe Thornton in Predators zone.
4:26 of 2nd period - Snap shot by Kris Versteeg.
4:26 of 2nd period - Stopped by Kari Lehtonen without a rebound.
4:27 of 2nd period - Joe Thornton wins face-off versus Robert Nilsson in Predators zone.
4:36 of 2nd period - Snap shot by Oleg Saprykin.
4:36 of 2nd period - Shot Blocked by Henrik Zetterberg.
4:53 of 2nd period - Off-side.
4:54 of 2nd period - Scott Gomez wins face-off versus Georges Laraque in neutral zone.
5:15 of 2nd period - Robyn Regehr is hit by Steve McCarthy and loses puck.
5:24 of 2nd period - Snap shot by Jamie Langenbrunner.
5:24 of 2nd period - Shot Blocked by Joe Thornton.
6:24 of 2nd period - Penalty to Brad Boyes is over, Brad Boyes is back on ice.
6:33 of 2nd period - Snap shot by Kris Versteeg.
6:33 of 2nd period - Shot Misses the Net.
6:35 of 2nd period - Slapshot by Henrik Zetterberg.
6:35 of 2nd period - Stopped by Kari Lehtonen with a rebound.
6:37 of 2nd period - Wrist shot by Kris Versteeg.
6:37 of 2nd period - Shot Misses the Net.
6:44 of 2nd period - Icing by Alexander Edler.
6:45 of 2nd period - Oleg Kvasha wins face-off versus Alexander Ovechkin in Predators zone.
6:53 of 2nd period - Wrist shot by Jeff Schultz.
6:53 of 2nd period - Deflect By Daniel Carcillo.
6:53 of 2nd period - Stopped by Kari Lehtonen with a rebound.
6:55 of 2nd period - Snap shot by Jeff Schultz.
6:55 of 2nd period - Deflect By Alexander Edler.
6:55 of 2nd period - Stopped by Kari Lehtonen without a rebound.
6:56 of 2nd period - Kris Vernarsky wins face-off versus Robert Nilsson in Predators zone.
7:09 of 2nd period - Wrist shot by Danny Richmond.
7:09 of 2nd period - Deflect By Michael Grabner.
7:09 of 2nd period - Stopped by Roberto Luongo with a rebound.
7:11 of 2nd period - Wrist shot by Danny Richmond.
7:11 of 2nd period - Stopped by Roberto Luongo with a rebound.
8:18 of 2nd period - Snap shot by Kris Versteeg.
8:18 of 2nd period - Deflect By Jamie Langenbrunner.
8:18 of 2nd period - Shot Misses the Net.
8:18 of 2nd period - Puck is out of play.
8:19 of 2nd period - Josef Vasicek wins face-off versus Scott Gomez in Predators zone.
9:15 of 2nd period - Michael Grabner is hit by Henrik Zetterberg and loses puck.
10:22 of 2nd period - Snap shot by Robert Nilsson.
10:22 of 2nd period - Stopped by Kari Lehtonen without a rebound.
10:23 of 2nd period - Scott Gomez wins face-off versus Josef Vasicek in Predators zone.
10:34 of 2nd period - Jamie Langenbrunner is hit by Danny Richmond and loses puck.
10:45 of 2nd period - Danny Richmond is hit by Henrik Zetterberg.
11:11 of 2nd period - Dominic Moore is hit by Kris Vernarsky and loses puck.
11:46 of 2nd period - Snap shot by Joe Thornton.
11:46 of 2nd period - Shot Blocked by John Carlson.
12:08 of 2nd period - Wrist shot by Kris Vernarsky.
12:08 of 2nd period - Shot Blocked by John Carlson.
13:10 of 2nd period - Wrist shot by Robert Nilsson.
13:10 of 2nd period - Stopped by Kari Lehtonen with a rebound.
13:31 of 2nd period - Josef Vasicek is hit by Scott Gomez and loses puck.
13:39 of 2nd period - Off-side.
13:40 of 2nd period - Oleg Kvasha wins face-off versus Joe Thornton in neutral zone.
13:42 of 2nd period - Off-side.
13:43 of 2nd period - Oleg Kvasha wins face-off versus Joe Thornton in neutral zone.
13:54 of 2nd period - Snap shot by Daniel Carcillo.
13:54 of 2nd period - Stopped by Kari Lehtonen with a rebound.
13:56 of 2nd period - Snap shot by Daniel Carcillo.
13:56 of 2nd period - Stopped by Kari Lehtonen with a rebound.
14:22 of 2nd period - Kent Huskins is hit by Henrik Zetterberg and loses puck.
14:41 of 2nd period - Wrist shot by Scott Gomez.
14:41 of 2nd period - Shot Misses the Net.
14:43 of 2nd period - Slapshot by Johnny Oduya.
14:43 of 2nd period - Stopped by Kari Lehtonen without a rebound.
14:44 of 2nd period - Joe Thornton wins face-off versus Dominic Moore in Predators zone.
14:44 of 2nd period - Joe Thornton is hit by Steve McCarthy.
14:51 of 2nd period - Minor Penalty to Johnny Oduya for Hooking.
14:52 of 2nd period - Dominic Moore wins face-off versus Brad Boyes in Blackhawks zone.
15:08 of 2nd period - Slapshot by Joe Thornton.
15:08 of 2nd period - Shot Misses the Net.
15:42 of 2nd period - Slapshot by Alexander Edler.
15:42 of 2nd period - Deflect By Alexander Ovechkin.
15:42 of 2nd period - Stopped by Roberto Luongo with a rebound.
15:44 of 2nd period - Slapshot by Ryan Mcdonagh.
15:44 of 2nd period - Shot Misses the Net.
15:46 of 2nd period - Slapshot by Ryan Mcdonagh.
15:46 of 2nd period - Shot Blocked by Steve McCarthy.
15:58 of 2nd period - Snap shot by Joe Thornton.
15:58 of 2nd period - Stopped by Roberto Luongo with a rebound.
16:06 of 2nd period - Slapshot by Alexander Ovechkin.
16:06 of 2nd period - Goal by Alexander Ovechkin - Blackhawks : 1 - Predators : 2.
16:07 of 2nd period - Robert Nilsson wins face-off versus Michael Grabner in neutral zone.
16:14 of 2nd period - Icing by Danny Richmond.
16:15 of 2nd period - Robert Nilsson wins face-off versus Kris Vernarsky in Predators zone.
16:28 of 2nd period - Snap shot by Kris Vernarsky.
16:28 of 2nd period - Stopped by Roberto Luongo without a rebound.
16:29 of 2nd period - Josef Vasicek wins face-off versus Robert Nilsson in Blackhawks zone.
17:34 of 2nd period - Robyn Regehr is hit by Sheldon Keefe and loses puck.
19:49 of 2nd period - Snap shot by Henrik Zetterberg.
19:49 of 2nd period - Shot Misses the Net.
Goals for this period are 0 for Blackhawks vs 1 for Predators.
Shots for this period are 12 for Blackhawks vs 6 for Predators.
3rd period
0:01 of 3rd period - Robert Nilsson wins face-off versus Joe Thornton in neutral zone.
0:04 of 3rd period - Alexander Edler is hit by Henrik Zetterberg and loses puck.
0:13 of 3rd period - Johnny Oduya is hit by Ryan Mcdonagh and loses puck.
0:33 of 3rd period - Slapshot by Alexander Steen.
0:33 of 3rd period - Stopped by Roberto Luongo with a rebound.
0:51 of 3rd period - Dominic Moore is hit by Robyn Regehr and loses puck.
1:20 of 3rd period - Minor Penalty to Jeff Schultz for Roughing.
1:21 of 3rd period - Joe Thornton wins face-off versus Dominic Moore in Blackhawks zone.
1:38 of 3rd period - Snap shot by Robyn Regehr.
1:38 of 3rd period - Stopped by Roberto Luongo without a rebound.
1:39 of 3rd period - Josef Vasicek wins face-off versus Dominic Moore in Blackhawks zone.
1:51 of 3rd period - Icing by Danny Richmond.
1:52 of 3rd period - Dominic Moore wins face-off versus Josef Vasicek in Predators zone.
2:33 of 3rd period - Wrist shot by Joe Thornton.
2:33 of 3rd period - Stopped by Roberto Luongo with a rebound.
2:35 of 3rd period - Slapshot by Danny Richmond.
2:35 of 3rd period - Stopped by Roberto Luongo without a rebound.
2:36 of 3rd period - Dominic Moore wins face-off versus Joe Thornton in Blackhawks zone.
3:08 of 3rd period - Off-side.
3:09 of 3rd period - Scott Gomez wins face-off versus Joe Thornton in neutral zone.
3:20 of 3rd period - Penalty to Jeff Schultz is over, Jeff Schultz is back on ice.
4:43 of 3rd period - Joe Thornton is hit by Johnny Oduya.
4:57 of 3rd period - Wrist shot by Joe Thornton.
4:57 of 3rd period - Stopped by Roberto Luongo without a rebound.
4:58 of 3rd period - Kris Vernarsky wins face-off versus Robert Nilsson in Blackhawks zone.
5:25 of 3rd period - Scott Gomez is hit by Alexander Edler and loses puck.
5:51 of 3rd period - Wrist shot by Alexander Steen.
5:51 of 3rd period - Stopped by Roberto Luongo without a rebound.
5:52 of 3rd period - Kris Vernarsky wins face-off versus Dominic Moore in Blackhawks zone.
6:03 of 3rd period - Snap shot by Kris Vernarsky.
6:03 of 3rd period - Stopped by Roberto Luongo with a rebound.
6:05 of 3rd period - Snap shot by Kris Vernarsky.
6:05 of 3rd period - Stopped by Roberto Luongo without a rebound.
6:06 of 3rd period - Joe Thornton wins face-off versus Robert Nilsson in Blackhawks zone.
6:59 of 3rd period - Backhand shot by Oleg Saprykin.
6:59 of 3rd period - Deflect By Josef Vasicek.
6:59 of 3rd period - Shot Blocked by John Carlson.
6:59 of 3rd period - Puck is out of play.
7:00 of 3rd period - Joe Thornton wins face-off versus Robert Nilsson in Blackhawks zone.
7:11 of 3rd period - Snap shot by Alexander Ovechkin.
7:11 of 3rd period - Shot Blocked by Steve McCarthy.
7:27 of 3rd period - Scott Gomez is hit by Kris Vernarsky.
8:07 of 3rd period - Snap shot by Sheldon Keefe.
8:07 of 3rd period - Shot Misses the Net.
9:46 of 3rd period - John Carlson is hit by Alexander Steen and loses puck.
10:43 of 3rd period - Brad Boyes is hit by Oleg Kvasha and loses puck.
11:37 of 3rd period - Oleg Saprykin is hit by Dominic Moore and loses puck.
11:48 of 3rd period - Slapshot by Dominic Moore.
11:48 of 3rd period - Stopped by Kari Lehtonen without a rebound.
11:49 of 3rd period - Joe Thornton wins face-off versus Robert Nilsson in Predators zone.
11:54 of 3rd period - Wrist shot by Henrik Zetterberg.
11:54 of 3rd period - Stopped by Kari Lehtonen without a rebound.
11:55 of 3rd period - Joe Thornton wins face-off versus Steve Bernier in Predators zone.
12:50 of 3rd period - Wrist shot by Josef Vasicek.
12:50 of 3rd period - Shot Misses the Net.
13:08 of 3rd period - Slapshot by Joe Thornton.
13:08 of 3rd period - Stopped by Roberto Luongo without a rebound.
13:09 of 3rd period - Joe Thornton wins face-off versus Robert Nilsson in Blackhawks zone.
13:18 of 3rd period - Snap shot by Alexander Ovechkin.
13:18 of 3rd period - Deflect By Brad Boyes.
13:18 of 3rd period - Stopped by Roberto Luongo without a rebound.
13:19 of 3rd period - Brad Boyes wins face-off versus Robert Nilsson in Blackhawks zone.
13:20 of 3rd period - Snap shot by Alexander Ovechkin.
13:20 of 3rd period - Shot Blocked by Wes O'Neill.
13:28 of 3rd period - Joe Thornton is hit by John Carlson and loses puck.
14:07 of 3rd period - Minor Penalty to Michael Grabner for Hooking.
14:08 of 3rd period - Robert Nilsson wins face-off versus Alexander Ovechkin in Predators zone.
14:37 of 3rd period - Backhand shot by Scott Gomez.
14:37 of 3rd period - Stopped by Kari Lehtonen without a rebound.
14:38 of 3rd period - Alexander Ovechkin wins face-off versus Scott Gomez in Predators zone.
15:36 of 3rd period - Snap shot by Robert Nilsson.
15:36 of 3rd period - Shot Blocked by Alexander Edler.
15:38 of 3rd period - Snap shot by Kris Versteeg.
15:38 of 3rd period - Shot Blocked by Ryan Mcdonagh.
15:40 of 3rd period - Slapshot by Chris Campoli.
15:40 of 3rd period - Shot Blocked by Oleg Saprykin.
15:42 of 3rd period - Wrist shot by Henrik Zetterberg.
15:42 of 3rd period - Stopped by Kari Lehtonen without a rebound.
15:43 of 3rd period - Scott Gomez wins face-off versus Alexander Ovechkin in Predators zone.
15:48 of 3rd period - Slapshot by Scott Gomez.
15:48 of 3rd period - Shot Misses the Net.
15:50 of 3rd period - Slapshot by Chris Higgins.
15:50 of 3rd period - Shot Misses the Net.
15:52 of 3rd period - Backhand shot by Scott Gomez.
15:52 of 3rd period - Stopped by Kari Lehtonen without a rebound.
15:53 of 3rd period - Scott Gomez wins face-off versus Alexander Ovechkin in Predators zone.
16:07 of 3rd period - Penalty to Michael Grabner is over, Michael Grabner is back on ice.
16:34 of 3rd period - Wrist shot by Jamie Langenbrunner.
16:34 of 3rd period - Stopped by Kari Lehtonen without a rebound.
16:35 of 3rd period - Henrik Zetterberg wins face-off versus Kris Vernarsky in Predators zone.
16:40 of 3rd period - Slapshot by Henrik Zetterberg.
16:40 of 3rd period - Shot Misses the Net.
16:42 of 3rd period - Minor Penalty to Michael Grabner for Hooking.
16:43 of 3rd period - Alexander Ovechkin wins face-off versus Robert Nilsson in Predators zone.
16:58 of 3rd period - Snap shot by Henrik Zetterberg.
16:58 of 3rd period - Stopped by Kari Lehtonen without a rebound.
16:59 of 3rd period - Alexander Ovechkin wins face-off versus Robert Nilsson in Predators zone.
17:04 of 3rd period - Kris Versteeg is hit by Georges Laraque and loses puck.
17:11 of 3rd period - Wrist shot by John Carlson.
17:11 of 3rd period - Stopped by Kari Lehtonen with a rebound.
17:13 of 3rd period - Slapshot by Johnny Oduya.
17:13 of 3rd period - Shot Misses the Net.
17:23 of 3rd period - Alexander Ovechkin is hit by Jamie Langenbrunner.
17:27 of 3rd period - Slapshot by Alexander Edler.
17:27 of 3rd period - Deflect By Alexander Ovechkin.
17:27 of 3rd period - Stopped by Roberto Luongo without a rebound.
17:28 of 3rd period - Scott Gomez wins face-off versus Joe Thornton in Blackhawks zone.
18:11 of 3rd period - Snap shot by Kris Versteeg.
18:11 of 3rd period - Goal by Kris Versteeg - Blackhawks : 2 - Predators : 2.
18:12 of 3rd period - Josef Vasicek wins face-off versus Dominic Moore in neutral zone.
18:15 of 3rd period - Slapshot by Ryan Mcdonagh.
18:15 of 3rd period - Stopped by Roberto Luongo with a rebound.
18:17 of 3rd period - Slapshot by Alexander Edler.
18:17 of 3rd period - Deflect By Oleg Saprykin.
18:17 of 3rd period - Stopped by Roberto Luongo without a rebound.
18:18 of 3rd period - Josef Vasicek wins face-off versus Chris Higgins in Blackhawks zone.
18:25 of 3rd period - Wrist shot by Oleg Saprykin.
18:25 of 3rd period - Shot Misses the Net.
18:27 of 3rd period - Wrist shot by Georges Laraque.
18:27 of 3rd period - Shot Misses the Net.
18:29 of 3rd period - Slapshot by Ryan Mcdonagh.
18:29 of 3rd period - Shot Misses the Net.
18:31 of 3rd period - Snap shot by Josef Vasicek.
18:31 of 3rd period - Shot Misses the Net.
18:33 of 3rd period - Wrist shot by Josef Vasicek.
18:33 of 3rd period - Shot Misses the Net.
18:45 of 3rd period - Wrist shot by Kris Vernarsky.
18:45 of 3rd period - Stopped by Roberto Luongo with a rebound.
Goals for this period are 1 for Blackhawks vs 0 for Predators.
Shots for this period are 9 for Blackhawks vs 14 for Predators.
Overtime #1
0:01 of 1st overtime period - Robert Nilsson wins face-off versus Alexander Ovechkin in neutral zone.
0:43 of 1st overtime period - Robyn Regehr is hit by Chris Campoli and loses puck.
1:38 of 1st overtime period - Steve McCarthy is hit by Brad Boyes and loses puck.
1:59 of 1st overtime period - Danny Richmond is hit by Dominic Moore and loses puck.
2:06 of 1st overtime period - Chris Higgins is hit by Danny Richmond and loses puck.
2:31 of 1st overtime period - Alexander Ovechkin is hit by Chris Campoli and loses puck.
2:38 of 1st overtime period - Snap shot by Kris Versteeg.
2:38 of 1st overtime period - Shot Misses the Net.
2:58 of 1st overtime period - Alexander Steen is hit by Chris Campoli and loses puck.
3:11 of 1st overtime period - Henrik Zetterberg is hit by Ryan Mcdonagh and loses puck.
4:20 of 1st overtime period - Joe Thornton is hit by Kris Versteeg and loses puck.
4:45 of 1st overtime period - Kris Vernarsky is hit by Steve Bernier and loses puck.
Goals for this period are 0 for Blackhawks vs 0 for Predators.
Shots for this period are 0 for Blackhawks vs 0 for Predators.
ShootOut
5:00 of 1st overtime period - Penalty Shot by Henrik Zetterberg for Blackhawks.
5:00 of 1st overtime period - Snap shot by Henrik Zetterberg.
5:00 of 1st overtime period - Stopped by Kari Lehtonen.
5:00 of 1st overtime period - Penalty Shot by Alexander Ovechkin for Predators.
5:00 of 1st overtime period - Deke by Alexander Ovechkin.
5:00 of 1st overtime period - Stopped by Roberto Luongo.
5:00 of 1st overtime period - Penalty Shot by Robert Nilsson for Blackhawks.
5:00 of 1st overtime period - Backhand shot by Robert Nilsson.
5:00 of 1st overtime period - Stopped by Kari Lehtonen.
5:00 of 1st overtime period - Penalty Shot by Joe Thornton for Predators.
5:00 of 1st overtime period - Deke by Joe Thornton.
5:00 of 1st overtime period - Goal by Joe Thornton.
5:00 of 1st overtime period - Penalty Shot by Kris Versteeg for Blackhawks.
5:00 of 1st overtime period - Deke by Kris Versteeg.
5:00 of 1st overtime period - Stopped by Kari Lehtonen.
Output by the SimonT Hockey Simulator (STHS) for François Prévost -- Original Page W3C XHTML 1.0 Valid